 Dungeon Crawl Stone Soup version 0.17-a0-1591-g7a45446 (webtiles) character file.

1729 karlkraus the Shield-Bearer (level 8, -10/71 HPs)
             Began as a Minotaur Fighter on July 29, 2015.
             Was an Initiate of Qazlal.
             Killed by divine providence
             ... invoked by an orc priest
              (13 damage)
             ... on level 7 of the Dungeon.
             The game lasted 00:12:50 (4994 turns).

karlkraus the Shield-Bearer (Minotaur Fighter)      Turns: 4994, Time: 00:12:50

Health: -10/71     AC:  9    Str: 27    XL:     8   Next: 76%
Magic:  7/7        EV: 11    Int:  8    God:    Qazlal [......]
Gold:   420        SH: 11    Dex: 11    Spells: 0 memorised, 7 levels left

rFire  . . .     SeeInvis +     a - +0 flail
rCold  . . .     Clarity  .     b - +0 scale mail
rNeg   . . .     SustAt   .     c - +0 shield
rPois  .         Gourm    .     (helmet restricted)
rElec  .         Spirit   .     (no cloak)
rCorr  .         Warding  .     H - +0 pair of gloves
rMut   .         Stasis   .     (no boots)
MR     .....                    F - amulet of regeneration
Stlth  ..........               v - +3 ring of intelligence
                                m - ring of see invisible

@: mighty, about to teleport, not resistant to hostile enchantments, extremely
unstealthy
A: retaliatory headbutt, horns 2
a: Renounce Religion


You were on level 7 of the Dungeon.
You worshipped Qazlal.
Qazlal was noncommittal.
You were very hungry.

You visited 2 branches of the dungeon, and saw 8 of its levels.

You collected 420 gold pieces.

Inventory:

Hand weapons
 a - a +0 flail (weapon)
Armour
 b - a +0 scale mail (worn)
 c - a +0 shield (worn)
 H - a +0 pair of gloves (worn)
Jewellery
 m - a ring of see invisible (left hand)
 v - a +3 ring of intelligence (right hand)
 F - an amulet of regeneration (around neck)
Magical devices
 d - a wand of frost (27)
 w - a wand of teleportation (3)
 z - a wand of random effects (18)
 B - a wand of flame (21)
Scrolls
 f - 2 scrolls of fear {unknown}
 h - 3 scrolls of random uselessness {unknown}
 i - a scroll of amnesia {unknown}
 n - a scroll of blinking {unknown}
 o - a scroll of fog {unknown}
 q - a scroll of enchant weapon {unknown}
 r - 3 scrolls of remove curse {unknown}
 u - 9 scrolls of identify
 y - a scroll of enchant armour {unknown}
 A - 3 scrolls of teleportation {unknown}
 C - a scroll of recharging {unknown}
 E - a scroll of vulnerability {unknown}
Potions
 g - 5 potions of curing {unknown}
 k - a potion of invisibility
 p - 2 potions of agility
 t - 4 potions of flight {unknown}
 x - a potion of degeneration {unknown}
 G - a potion of magic {unknown}
 J - a potion of brilliance {unknown}
Books
 D - an Akashic Record

   Spells                             Type                      Level
   a - Dispersal                      Translocation                6
   b - Controlled Blink               Translocation                7
   c - Malign Gateway                 Summoning/Translocation      7
   d - Disjunction                    Translocation                8
Comestibles
 e - 5 bread rations
 j - 2 beef jerkies
 s - 4 meat rations


   Skills:
 + Level 6.8 Fighting
 + Level 6.6 Maces & Flails
 + Level 6.6 Armour
 + Level 4.9 Dodging
 + Level 0.5 Stealth
 + Level 7.6 Shields


You had 7 spell levels left.
You didn't know any spells.

Dungeon Overview and Level Annotations

Branches:
Dungeon (7/15)             Temple (1/1) D:6

Altars:
Ashenzari
Cheibriados
Elyvilon
Fedhas
Gozag
Kikubaaqudgha
Makhleb
Nemelex Xobeh
Okawaru
Qazlal
Ru
Sif Muna
Trog
Vehumet
Xom
Zin
The Shining One

Shops:
D:6 !


Innate Abilities, Weirdness & Mutations

You reflexively headbutt those who attack you in melee.
You have a pair of horns on your head.


Message History

The rat barely misses you.
The orc priest casts a cantrip, but nothing happens.
The orc priest invokes the aid of Beogh against you.
Something smites you!
* * * LOW HITPOINT WARNING * * *
The orc wizard gestures wildly while chanting.
The orc wizard blinks!
Read which item? (? for menu, Esc to quit)
Okay, then.
Zapping:
w - a wand of teleportation (will waste charges)
Press: ? - help, Shift-Dir - straight line, f - you You feel strangely unstable.
Evoking this partially-identified wand wasted a few charges.
The hippogriff bites you.
* * * LOW HITPOINT WARNING * * *
The hippogriff pecks you but does no damage.
You block the hippogriff's attack. The rat bites you but does no damage.
The orc priest calls down the wrath of Beogh upon you.
Something smites you!
You die...

##..........##......
##............######. %
##..............#####. #'##
##................##[.. .....
#..................#..#
......####..................#..#
......)).#.......#..#.......##.#
......##o'o.......##(.......'..#
..... #.'.o.ro@..##........'..#
.... ###....H..#[.#.......##.'
... #..........).......#### ..
#..................# # .
##................## # '#.
##..............## ...#
##............## .#.
##..........## >.
######........##


You could see a hippogriff, an orc warrior, 2 orc priests, an orc and a rat.

Vanquished Creatures
  A gargoyle (D:7)
  An orc warrior (D:7)
  3 ogres
  A centaur (D:7)
  A sky beast (D:7)
  A necrophage (D:6)
  A giant frog (D:6)
  A wyvern skeleton (D:7)
  A crimson imp (D:5)
  5 hounds
  An orc wizard (D:3)
  7 worker ants
  Terence (D:2)
  2 hound skeletons
  8 adders
  3 gnolls (D:5)
  A shadow imp (D:6)
  An adder zombie (D:6)
  4 worms
  An adder skeleton (D:4)
  18 orcs
  3 ball pythons
  3 bat skeletons
  A bat zombie (D:5)
  8 hobgoblins
  14 bats
  6 giant cockroaches
  4 giant geckos
  6 giant newts
  8 goblins
  17 jackals
  A jackal skeleton (D:5)
  11 kobolds
  4 quokkas
  8 rats
157 creatures vanquished.

Notes
Turn   | Place    | Note
--------------------------------------------------------------
     0 | D:1      | karlkraus the Minotaur Fighter began the quest for the Orb.
     0 | D:1      | Reached XP level 1. HP: 19/19 MP: 0/0
   227 | D:1      | Reached XP level 2. HP: 27/27 MP: 1/1
   264 | D:1      | Reached skill level 4 in Shields
   610 | D:2      | Reached XP level 3. HP: 23/33 MP: 2/2
   613 | D:2      | Found a faded altar to an unknown god.
   651 | D:2      | Noticed Terence
   664 | D:2      | Killed Terence
   715 | D:2      | Reached XP level 4. HP: 27/40 MP: 3/3
  1072 | D:3      | Found a glowing golden altar of the Shining One.
  1073 | D:3      | Found an iron altar of Okawaru.
  1082 | D:3      | Reached skill level 1 in Dodging
  1186 | D:3      | Reached skill level 5 in Shields
  1482 | D:3      | Reached XP level 5. HP: 47/47 MP: 4/4
  1860 | D:4      | Reached skill level 5 in Fighting
  1977 | D:4      | Found a shattered altar of Ashenzari.
  2012 | D:4      | Noticed an ogre
  2019 | D:4      | Killed an ogre
  2019 | D:4      | Reached XP level 6. HP: 21/56 MP: 5/5
  2273 | D:4      | Found a radiant altar of Vehumet.
  2309 | D:4      | You fall through a shaft for 3 floors!
  2309 | D:7      | Noticed a gargoyle
  2316 | D:7      | Killed a gargoyle
  2316 | D:7      | Reached skill level 5 in Armour
  2316 | D:7      | Reached skill level 6 in Shields
  2316 | D:7      | Reached XP level 7. HP: 51/62 MP: 6/6
  2372 | D:7      | Found a blossoming altar of Fedhas.
  2775 | D:6      | Reached skill level 5 in Maces & Flails
  2791 | D:5      | Entered Level 5 of the Dungeon
  3097 | D:5      | Found a bloodstained altar of Trog.
  3321 | D:5      | Found an ancient bone altar of Kikubaaqudgha.
  3321 | D:5      | Found a sacrificial altar of Ru.
  3437 | D:5      | Reached XP level 8. HP: 69/71 MP: 7/7
  3712 | D:5      | Reached skill level 7 in Shields
  4084 | D:6      | Found Egokhy's Distillery.
  4128 | D:6      | Found a burning altar of Makhleb.
  4292 | D:6      | Found a blossoming altar of Fedhas.
  4481 | D:6      | Found a staircase to the Ecumenical Temple.
  4533 | Temple   | Entered the Ecumenical Temple
  4580 | Temple   | Became a worshipper of Qazlal Stormbringer
  4968 | D:7      | Noticed a hippogriff
  4993 | D:7      | HP: 2/71 [hippogriff (6)]
  4994 | D:7      | Killed from afar by an orc priest

Vault maps used:
D:1:      evilmike_arrival_crescent
D:2:      ecumenical_altar_1, first_bread, kennysheep_big_empty_room,
          minmay_crystal_water, uniq_terence
D:3:      grunt_temple_overflow_open, serial_bayou_crossing
D:4:      overflow_temple_1_default, kennysheep_little_box, minmay_door_square
D:5:      nicolae_overflow_crystal_walls, gammafunk_temple_overflow_pools,
          hex_large
D:6:      makhleb_blood_cavern_becter, lemuel_round_altar,
          nicolae_overflow_hidden_temple, minmay_temple_entry_enclosed_plants,
          serial_shops, shop
D:7:      kennysheep_big_flooded_room, grunt_livestock,
          fedhas_bush_and_centaur_altar
Temple:   circular_temple_pool_8

Action                   |  1- 3 |  4- 6 |  7- 9 || total
-------------------------+-------+-------+-------++-------
Melee: Flail             |    93 |   152 |   184 ||   429
Evoke: Wand              |       |       |     2 ||     2
  Use: Scroll            |       |     3 |       ||     3
       Potion            |       |     2 |     2 ||     4
  Eat: Chunk             |       |     4 |     7 ||    11
       Pizza             |       |       |     1 ||     1
